 Dungeon Crawl Stone Soup version 0.25.0-33-gff14898491 (webtiles) character file.

Game seed: 6563361166364629760

156 Peloso the Skirmisher (level 5, 41/41 HPs)
             Began as a Demonspawn Fighter on July 7, 2020.
             Got out of the dungeon alive.
             The game lasted 00:03:05 (3163 turns).

Peloso the Skirmisher (Demonspawn Fighter)          Turns: 3163, Time: 00:03:05

Health: 41/41      AC:  9    Str: 17    XL:     5   Next: 15%
Magic:  5/5        EV:  5    Int: 10    God:
Gold:   136        SH:  9    Dex: 12    Spells: 4/4 levels left

rFire    . . .     SeeInvis .   a - +0 long sword
rCold    . . .     Gourm    .   c - +0 kite shield
rNeg     . . .     Faith    .   m - +0 chain mail
rPois    .         Spirit   .   (no helmet)
rElec    .         Reflect  .   (no cloak)
rCorr    .         Harm     .   (no gloves)
MR       .....                  (no boots)
Stlth    ..........             (no amulet)
HPRegen  0.13/turn              (no ring)
MPRegen  0.09/turn              (no ring)

@: no status effects
A: claws 1, rot immunity, sanguine armour 1
a: no special abilities


You escaped.
You were hungry.

You visited 1 branch of the dungeon, and saw 3 of its levels.

You collected 136 gold pieces.

Inventory:

Hand Weapons
 a - a +0 long sword (weapon)
Armour
 b - a +0 scale mail
 c - a +0 kite shield (worn)
 m - a +0 chain mail (worn)
Jewellery
 i - a +6 ring of dexterity
 p - a +6 ring of strength {unknown}
Scrolls
 g - a scroll of amnesia {unknown}
 j - 5 scrolls of identify {unknown}
 o - a scroll of blinking {unknown}
 r - a scroll of noise {unknown}
Potions
 d - a potion of might
 e - a potion of flight {unknown}
 h - a potion of mutation {unknown}
 k - a potion of berserk rage {unknown}
 l - 3 potions of haste {unknown}
 n - a potion of heal wounds {unknown}
 q - a potion of experience {unknown}
 t - a potion of degeneration {unknown}
Comestibles
 f - 5 rations


   Skills:
 + Level 3.5 Fighting
 + Level 3.2 Long Blades
 + Level 3.1 Armour
 + Level 1.3 Dodging
 + Level 0.5 Stealth
 + Level 3.3 Shields


You had 4 spell levels left.
You didn't know any spells.
Your spell library was empty.

Dungeon Overview and Level Annotations

Branches:
Dungeon (3/15)

Altars:
Makhleb
Qazlal
Sif Muna
Vehumet


Innate Abilities, Weirdness & Mutations

You have sharp fingernails.
You are immune to rotting.
When seriously injured, your bleeding wounds create armour. (AC +0)


Message History

The bat hits you but does no damage. The bat hits you.
You slash the bat!
You kill the bat!
(D) Dungeon
Where to? (Enter - D:12, ? - help)
What level of the Dungeon? (default 1, ? - help)
Found a stone staircase leading up.
There is a stone staircase leading up here.
You climb upwards.
There is a stone staircase leading down here.
You open the door.
There is an open door here.
There is a stone staircase leading up here.
You climb upwards.
There is a stone staircase leading down here.
You see here a +0 club.
There is a staircase leading out of the dungeon here.
Are you sure you want to leave the Dungeon?
This will make you lose the game!
You have escaped!

.#.............P.P...### ##..
.#..........))P#≈#P....# ##...
.##...........##≈##.##.## #....
.###..........≈≈≈≈≈.##..### #....
.######.##.##.##≈##.###...# #....
.#.........##.P#≈#P.#####.###....
.#.>.......#...P.P...####........
.#.........................###...
...........#....@...##.######....
.#.........#........#..#.........
.######..###...P.P..#.##.........
.# #..###..P#≈#P.#.##.........
.######...###.##≈##.#..).........
...........##.≈≈≈≈≈.#.##.........
...........##.##≈##...##.........
...........##.P#≈#P...#######.###
...............P.P....# #.#


There were no monsters in sight!

Vanquished Creatures
  A crimson imp (D:3)
  4 adders (D:2)
  An ooze (D:2)
  3 worms
  2 dart slugs
  A leopard gecko (D:2)
  6 orcs (D:3)
  2 giant cockroaches (D:2)
  3 goblins (D:1)
  10 hobgoblins
  11 jackals (D:1)
  A quokka (D:2)
  2 bats (D:3)
  5 frilled lizards
  6 kobolds
  2 rats
60 creatures vanquished.

Vanquished Creatures (others)
  A quokka (D:3)
1 creature vanquished.

Grand Total: 61 creatures vanquished

Notes
Turn   | Place    | Note
-------+----------+-------------------------------------------
     0 | D:1      | Peloso the Demonspawn Fighter began the quest for the Orb.
     0 | D:1      | Reached XP level 1. HP: 18/18 MP: 1/1
   323 | D:1      | Gained mutation: When seriously injured, your bleeding
                  | wounds create armour. (AC +0) [demonic ancestry]
   323 | D:1      | Reached XP level 2. HP: 12/24 MP: 2/2
   801 | D:1      | Reached XP level 3. HP: 29/29 MP: 3/3
  1118 | D:2      | Found a stormy altar of Qazlal.
  1128 | D:2      | Found a shimmering blue altar of Sif Muna.
  1518 | D:2      | Reached skill level 1 in Dodging
  1585 | D:2      | Gained mutation: You are immune to rotting. [demonic
                  | ancestry]
  1585 | D:2      | Reached XP level 4. HP: 28/35 MP: 4/4
  3027 | D:3      | Found a burning altar of Makhleb.
  3028 | D:3      | Found a radiant altar of Vehumet.
  3069 | D:3      | Gained mutation: You have sharp fingernails. [demonic
                  | ancestry]
  3069 | D:3      | Reached XP level 5. HP: 36/41 MP: 5/5
  3163 | D:$      | Got out of the dungeon alive.

Illustrated notes

Levels and vault maps discovered:
D:1:      eino_arrival_water_cross, layout_rooms, minmay_3d_cube
D:2:      layout_loops_corners, nicolae_overflow_crystal_walls,
          lemuel_doored_altar
D:3:      layout_loops_ring, grunt_temple_overflow_lords_of_destruction,
          elyvilon_altar_4, uniq_natasha, uniq_robin

Skill      XL: |  1  2  3  4 |
---------------+-------------+-----
Long Blades    | 2 3 |  3.2
Armour         | 3 |  3.1
Dodging        | 1 |  1.3
Shields        | 3 |  3.3
Fighting       | |  3.5
Stealth        | |  0.5

Action                   |  1- 3 |  4- 6 || total
-------------------------+-------+-------++-------
Melee: Long sword        |   137 |   151 ||   288
  Eat: Chunk             |     2 |     5 ||     7
Armor: Scale mail        |    41 |       ||    41
       Chain mail        |    22 |    71 ||    93
Dodge: Dodged            |    29 |    42 ||    71
Block: Kite shield       |    77 |    58 ||   135
       Rpst.: Long sword |     9 |    14 ||    23
